 Dungeon Crawl Stone Soup version 0.26.1-11-gd32895ea62 (webtiles) character file.

Game seed: 11515835075693670097

41 Zeld the Twirler (level 3, 0/24 HPs)
             Began as an Octopode Gladiator on May 23, 2021.
             Slain by a quokka (3 damage)
             ... on level 4 of the Dungeon.
             The game lasted 00:01:05 (319 turns).

Zeld the Twirler (Octopode Gladiator)                Turns: 319, Time: 00:01:05

Health: 0/24       AC:  1    Str: 14    XL:     3   Next: 52%
Magic:  3/3        EV: 14    Int: 10    God:
Gold:   34         SH:  0    Dex: 13    Spells: 2/2 levels left

rFire    . . .     SeeInvis .   a - +0 quarterstaff
rCold    . . .     Faith    .   (shield currently unavailable)
rNeg     . . .     Spirit   .   b - +0 hat
rPois    .         Reflect  .   (no amulet)
rElec    .         Harm     .   (no ring)
rCorr    .         Rampage  .   (no ring)
Will     .....                  (no ring)
Stlth    ++........             (no ring)
HPRegen  0.08/turn              (no ring)
MPRegen  0.08/turn              (no ring)
                                (no ring)
                                (no ring)

@: no status effects
A: almost no armour, stealthy swim, amphibious, 8 rings, constrict 8, camouflage
1, gelatinous body 1
a: no special abilities


You were on level 4 of the Dungeon.
You visited 1 branch of the dungeon, and saw 4 of its levels.

You collected 34 gold pieces.

Inventory:

Hand Weapons
 a - a +0 quarterstaff (weapon)
Missiles
 c - 3 throwing nets (quivered)
Armour
 b - a +0 hat (worn)
Scrolls
 d - a scroll of teleportation {unknown}
 f - a scroll of enchant armour {unknown}
Potions
 e - a potion of attraction {unknown}


   Skills:
 - Level 2.0 Fighting
 * Level 4.4 Staves
 - Level 2.0 Throwing
 - Level 3.0 Dodging


You had 2 spell levels left.
You didn't know any spells.
Your spell library was empty.

Dungeon Overview and Level Annotations

Branches:
Dungeon (4/15)
 Temple: D:4-7

Altars:


Innate Abilities, Weirdness & Mutations

You cannot wear most types of armour.
You are very stealthy in the water. (Stealth+)
You are amphibious.
You can wear up to eight rings at the same time.
You can use your tentacles to constrict eight enemies at once.
Your skin changes colour to match your surroundings (Stealth+).
Your rubbery body absorbs attacks. (AC +1, EV +1)


Message History

You climb downwards.
A quokka comes into view.
Found a stone staircase leading down.
There is a stone staircase leading up here.
Unknown command.
The helpless quokka fails to defend itself.
You hit the quokka. Your grab misses the quokka.
The quokka is moderately wounded.
The orc completely misses you. The orc misses you.
The quokka barely misses you.
You closely miss the quokka. Your grab misses the quokka.
The quokka is moderately wounded.
The quokka bites you.
* * * LOW HITPOINT WARNING * * *
The orc misses you. The orc completely misses you. The quokka misses you.
You hit the quokka. Your grab misses the quokka.
The quokka is severely wounded.
The quokka misses you. The quokka bites you.
You die...

#########
#.......#
#.......# .
#.......#
.>.#####o......#
.......or@.....#
.......<##+#####
........+
........#
...##+### .. .


You could see 2 orcs and a quokka.

Vanquished Creatures
  An adder (D:3)
  A dart slug (D:1)
  6 orcs
  3 bats
  A giant cockroach (D:2)
  2 goblins
  3 hobgoblins (D:3)
  A quokka (D:3)
  A frilled lizard (D:2)
  3 rats
22 creatures vanquished.

Notes
Turn   | Place    | Note
-------+----------+-------------------------------------------
     0 | D:1      | Zeld the Octopode Gladiator began the quest for the Orb.
     0 | D:1      | Reached XP level 1. HP: 14/14 MP: 1/1
   112 | D:2      | Reached XP level 2. HP: 15/19 MP: 2/2
   294 | D:3      | Reached skill level 4 in Staves
   295 | D:3      | Reached XP level 3. HP: 12/24 MP: 3/3
   319 | D:4      | Slain by a quokka

Illustrated notes

Levels and vault maps discovered:
D:1:      sevenhm_arrival_forest_fort_small_6, layout_rooms,
          minmay_misc_feat_pillars
D:2:      layout_basic, minmay_misc_feat_diagonals, minmay_close_crescents,
          uniq_sigmund
D:3:      kennysheep_big_flooded_room, layout_rooms
D:4:      layout_gridville, vehumet_crystals

Skill      XL: |  1  2 |
---------------+-------+-----
Staves         | 4 |  4.4
Fighting       | |  2.0
Throwing       | |  2.0
Dodging        | |  3.0

Action                   || total
-------------------------++-------
Melee: Quarterstaff      ||    32
       Constrict         ||     6
       Tentacles         ||     5
 Stab: Sleeping          ||     6
Armor: Skin              ||     1
Dodge: Dodged            ||    31
